 Dungeon Crawl Stone Soup version 0.29-a0-323-g050149af67 (webtiles) character file.

Game seed: 12343946325597292471

947 Morbidden the Conjurer (level 7, -8/48 HPs)
             Began as a Demonspawn Conjurer on Apr 12, 2022.
             Was an Initiate of Vehumet.
             Mangled by a hornet (9 damage)
             ... on level 4 of the Dungeon.
             The game lasted 00:07:10 (6060 turns).

Morbidden the Conjurer (Demonspawn Conjurer)        Turns: 6060, Time: 00:07:11

Health: -8/48      AC:  5    Str:  8      XL:     7   Next: 89%
Magic:  8/14       EV: 12    Int: 20 (21) God:    Vehumet [......]
Gold:   284        SH:  4    Dex: 11      Spells: 12/15 levels left

rFire   + . .      SeeInvis .   a - +1 dagger
rCold   . . .      Faith    .   (no shield)
rNeg    . . .      Spirit   .   g - +2 robe {rF+}
rPois   .          Reflect  .   w - +0 helmet
rElec   .          Harm     .   (no cloak)
rCorr   .          Rampage  .   (no gloves)
Will    .....                   (no boots)
Stlth   ++........              (no amulet)
HPRegen 0.16/turn               (no ring)
MPRegen 0.14/turn               (no ring)

@: lethally poisoned (-8 -> -20), slowed, very slow
A: large bone plates 1, powered by death 1, demonic touch 1
a: Renounce Religion


You were on level 4 of the Dungeon.
You worshipped Vehumet.
Vehumet was noncommittal.
You visited 2 branches of the dungeon, and saw 5 of its levels.
You also visited: Sewer.

You collected 284 gold pieces.

Inventory:

Hand Weapons
 a - a +1 dagger (weapon)
Missiles
 d - 29 poisoned darts
 f - a throwing net
Armour
 g - a +2 robe of fire resistance (worn)
 w - a +0 helmet (worn)
Jewellery
 p - a ring of ice
Wands
 h - a wand of polymorph (12)
 i - a wand of flame (21)
Scrolls
 c - 3 scrolls of fog
 l - 2 scrolls of magic mapping {unknown}
 n - 3 scrolls of identify
 q - 7 scrolls of teleportation {unknown}
 t - a scroll of enchant armour
Potions
 b - a potion of invisibility
 e - 2 potions of degeneration
 j - a potion of ambrosia {unknown}
 k - a potion of mutation {unknown}
 m - a potion of cancellation {unknown}
 o - a potion of resistance {unknown}
 r - a potion of lignification {unknown}
 s - a potion of curing {unknown}
 u - a potion of might {unknown}
 v - a potion of flight {unknown}


   Skills:
 * Level 1.1 Fighting
 + Level 1.1 Short Blades
 * Level 2.6 Dodging
 + Level 3.2 Stealth
 + Level 1.0 Shields
 + Level 0.1 Unarmed Combat
 * Level 4.8 Spellcasting
 * Level 7.3 Conjurations


You had 12 spell levels left.
You knew the following spells:

 Your Spells              Type           Power      Damage    Failure   Level
a - Magic Dart            Conj           100%       1d8       1%          1
b - Searing Ray           Conj           68%        2d6       1%          2

Your spell library contained the following spells:

 Spells                   Type           Power      Damage    Failure   Level
 Dazzling Flash           Conj/Hex       38%        N/A       8%          3
 Beastly Appendage        Tmut           8%         N/A       12%         1
 Slow                     Hex            16%        N/A       12%         1
 Corpse Rot               Necr/Air       8%         N/A       19%         2
 Wereblood                Tmut           4%         N/A       19%         2
 Fulminant Prism          Conj/Hex       9%         3d7       26%         4
 Iskenderun's Mystic Bla  Conj/Tloc      19%        2d6       26%         4
 Confusing Touch          Hex            4%         N/A       34%         3
 Spider Form              Tmut/Pois      4%         N/A       34%         3
 Vampiric Draining        Necr           4%         2d6       34%         3
 Dispel Undead            Necr           4%         3d7       75%         4
 Death Channel            Necr           2%         N/A       100%        6


Dungeon Overview and Level Annotations

Branches:
Dungeon (4/15)             Temple (1/1) D:4           Sewer (visited)

Altars:
Ashenzari
Dithmenos
Elyvilon
Fedhas
Gozag
Nemelex Xobeh
Ru
Sif Muna
Trog
Vehumet
Wu Jian
Xom
Yredelemnul
Zin
The Shining One

Shops:
D:2 [


Innate Abilities, Weirdness & Mutations

You are partially covered in large bone plates. (SH +4)
You regenerate a little health from kills.
Your touch may inflict minor irresistible damage on your foes.


Message History

Press: ? - help, Shift-Dir - straight line, f/p - hornet
Aim: a hornet (moderately wounded, 100% to hit)
The magic dart hits the hornet.
The hornet is heavily wounded.
The hornet closely misses you.
A hornet is nearby!
A hornet is nearby!
Casting: Magic Dart (safe; 1% risk of failure)
Confirm with . or Enter, or press ? or * to list all spells.
Aiming: Magic Dart (safe; 1% risk of failure)
Press: ? - help, Shift-Dir - straight line, f/p - hornet
Aim: a hornet (heavily wounded, 100% to hit)
The magic dart hits the hornet but does no damage.
The hornet is heavily wounded.
You block the hornet's attack. The hornet stings you!
You feel yourself slow down.
Casting: Magic Dart (safe; 1% risk of failure)
Confirm with . or Enter, or press ? or * to list all spells.
Aiming: Magic Dart (safe; 1% risk of failure)
Press: ? - help, Shift-Dir - straight line, f/p - hornet
Aim: a hornet (moderately wounded, 100% to hit)
The magic dart hits the hornet but does no damage.
The hornet is moderately wounded.
The hornet stings you.
You are poisoned.
You feel as though you will be slow longer.
The hornet stings you but does no damage.
You feel very sick. The hornet stings you!
You are more poisoned.
You feel as though you will be slow longer.
The hornet stings you but does no damage.
Unknown command.
* * * LOW HITPOINT WARNING * * *
You feel very sick. The hornet stings you!
* * * LOW HITPOINT WARNING * * *
You feel as though you will be slow longer.
The hornet stings you!
You die...

#....#..(#.....
#...#....#...#..... #..
...#....#...'.....
#...#...#....#...#.....
#...#...#....#...#.....
#...##..##..###.###..##
#...##>.##'####.#######
#.....y..#......#......
#.....@..#......#......
#........#......+.>....
#........#......##..)##
#...##..##..##..##...##
#...######..##..##.....
#....#..'....#.........
#....'..#....#.........
#...###########.##.####
#...#...# ##'##.##.#


You could see a hornet.

Vanquished Creatures
  A black bear (D:4)
  An ogre (D:4)
  A phantom (D:3)
  4 kobold brigands (Sewer)
  A scorpion (D:4)
  A hound (D:4)
  An orc priest (D:3)
  Terence (D:2)
  Jessica (D:2)
  4 gnolls
  7 adders
  A river rat (Sewer)
  5 worms
  4 dart slugs
  10 orcs
  10 ball pythons
  11 endoplasms
  2 giant cockroaches
  11 goblins
  7 hobgoblins
  2 jackals (D:4)
  3 quokkas
  6 bats
  2 frilled lizards
  10 kobolds
  9 rats
116 creatures vanquished.

Notes
Turn   | Place    | Note
-------+----------+-------------------------------------------
     0 | D:1      | Morbidden the Demonspawn Conjurer began the quest for the
                  | Orb.
     0 | D:1      | Reached XP level 1. HP: 13/13 MP: 3/3
    99 | D:1      | Found a faded altar of an unknown god.
   108 | D:1      | You fall into a shaft and drop 1 floor!
   194 | D:2      | Noticed Jessica
   211 | D:2      | Killed Jessica
   212 | D:2      | Gained mutation: You regenerate a little health from kills.
                  | [demonic ancestry]
   212 | D:2      | Reached XP level 2. HP: 19/19 MP: 1/5
   212 | D:2      | Reached XP level 3. HP: 24/24 MP: 1/6
   460 | D:2      | Reached skill level 5 in Conjurations
   835 | D:1      | Learned a level 2 spell: Searing Ray
  1500 | D:1      | Reached XP level 4. HP: 30/30 MP: 3/7
  1705 | D:2      | Found Apoycu's Armour Emporium.
  1988 | D:2      | Noticed Terence
  1996 | D:2      | Killed Terence
  2357 | D:3      | Gained mutation: You are partially covered in large bone
                  | plates. (SH +4) [demonic ancestry]
  2357 | D:3      | Reached XP level 5. HP: 11/35 MP: 5/9
  2471 | D:3      | Noticed a phantom
  2503 | D:3      | Killed a phantom
  2504 | D:3      | Reached skill level 6 in Conjurations
  2594 | D:3      | Found a glowing drain.
  2681 | Sewer    | Entered a sewer
  2720 | Sewer    | Gained mutation: Your touch may inflict minor irresistible
                  | damage on your foes. [demonic ancestry]
  2720 | Sewer    | Reached XP level 6. HP: 41/41 MP: 4/10
  3524 | Sewer    | Reached skill level 1 in Short Blades
  3822 | Sewer    | Reached XP level 7. HP: 23/47 MP: 0/13
  4224 | D:3      | Found a shadowy altar of Dithmenos.
  4330 | D:3      | Found a shimmering blue altar of Sif Muna.
  4895 | D:4      | Reached skill level 1 in Shields
  4952 | D:4      | Found an opulent altar of Gozag.
  5092 | D:4      | Found a staircase to the Ecumenical Temple.
  5155 | Temple   | Entered the Ecumenical Temple
  5162 | Temple   | Became a worshipper of Vehumet
  5319 | D:4      | Reached skill level 1 in Fighting
  5319 | D:4      | Reached skill level 7 in Conjurations
  6051 | D:4      | Noticed a hornet
  6060 | D:4      | HP: 1/48 [hornet (12)]
  6060 | D:4      | Mangled by a hornet

Illustrated notes

Levels and vault maps discovered:
D:1:      dpeg_arrival_tiny_e, layout_basic,
          shapermc_ecumenical_altar_mp_vishouse
D:2:      layout_basic, serial_shops, nicolae_shop_advertising_works
          [nicolae_subvault_shop_adworks], uniq_jessica, uniq_terence
D:3:      layout_loops_ring, lemuel_tele_altar, lemuel_crystal_altar,
          gup_sewer_entry_glass, grunt_decor_junction
D:4:      layout_gridville, nicolae_gozag_cash_rules_everything_around_me,
          minmay_temple_entry_wispy, st_stairs_9
Temple:   nicolae_temple_no_exploring_needed

Skill      XL: |  1  2  3  4  5  6  7 |
---------------+----------------------+-----
Conjurations   | 5 6 7 |  7.3
Stealth        | 2 3 |  3.2
Dodging        | 2 |  2.6
Spellcasting   | 3 4 |  4.8
Short Blades   | 1 |  1.1
Shields        | 1 |  1.0
Fighting       | 1 |  1.1
Unarmed Combat | |  0.1

Action                   |  1- 3 |  4- 6 |  7- 9 || total
-------------------------+-------+-------+-------++-------
Melee: Unarmed           |     3 |       |       ||     3
       Dagger            |       |    49 |     5 ||    54
       Touch             |       |     1 |       ||     1
 Cast: Magic Dart        |    44 |   115 |   121 ||   280
       Searing Ray       |       |     9 |     1 ||    10
  Use: Scroll            |       |     5 |       ||     5
       Potion            |       |     4 |       ||     4
Armor: Skin              |     3 |       |       ||     3
       Robe              |     1 |    11 |     6 ||    18
Dodge: Dodged            |     4 |    42 |    10 ||    56
Block: Other             |       |     9 |    10 ||    19

Table legend: (Time is in decaauts)
 A = Elapsed time spent in this place.
 B = Non-inter-level travel time spent in this place.
 C = Inter-level travel time spent in this place.
 D = Time resting spent in this place.
 E = Time spent auto-exploring this place.
 F = Levels seen in this place.
 G = Mean time per level.
                   A        B        C        D        E       F      G
               +--------+--------+--------+--------+--------+-----+--------+
         Total |   6227 |   5966 |    261 |    471 |   4593 |   6 | 1037.8 |
       Dungeon |   4587 |   4332 |    255 |    304 |   3348 |   4 | 1146.8 |
        Temple |     14 |      8 |      6 |      0 |      0 |   1 |   14.0 |
         Sewer |   1625 |   1625 |      0 |    167 |   1245 |   1 | 1625.0 |
               +--------+--------+--------+--------+--------+-----+--------+

Top non-repeatable levels by time:
   Sewer: 1625 daAuts
     D:4: 1271 daAuts
     D:2: 1225 daAuts
     D:1: 1075 daAuts
     D:3: 1015 daAuts
  Temple: 14 daAuts
